 Dungeon Crawl Stone Soup version 0.30-a0-782-ge64f9170bb (console) character file.

Game seed: 11485099906130827328

217 rlgrobin the Sneak (level 5, 0/31 HPs)
             Began as a Deep Elf Delver on Feb 19, 2023.
             Succumbed to a water moccasin's poison
             ... on level 6 of the Dungeon.
             The game lasted 00:06:28 (3005 turns).

rlgrobin the Sneak (Deep Elf Delver)                Turns: 3005, Time: 00:06:29

Health: 0/31       AC:  5    Str:  9    XL:     5   Next: 61%
Magic:  2/12       EV: 12    Int: 17    God:
Gold:   285        SH:  0    Dex: 16    Spells: 8/11 levels left

rFire   . . .      SeeInvis .    a - +1 whip (elec)
rCold   . . .      Faith    .    (no shield)
rNeg    . . .      Spirit   .    b - +0 leather armour
rPois   .          Reflect  .    (no helmet)
rElec   .          Harm     .    h - +0 cloak
rCorr   .          Rampage  .    (no gloves)
Will    .....                    t - +0 pair of boots
Stlth   ++++                     (no amulet)
HPRegen 0.25/turn                d - ring of wizardry
MPRegen 0.13/turn                (no ring)

@: lethally poisoned (0 -> -11)
A: no striking features
a: no special abilities


You were on level 6 of the Dungeon.
You visited 1 branch of the dungeon, and saw 6 of its levels.

You collected 285 gold pieces.

Inventory:

Hand Weapons
 a - a +1 whip of electrocution (weapon)
 s - a +0 short sword
Missiles
 u - 17 poisoned darts (quivered)
Armour
 b - a +0 leather armour (worn)
 h - a +0 cloak (worn)
 t - a +0 pair of boots (worn)
Jewellery
 d - a ring of wizardry (left hand)
Wands
 g - a wand of digging (3)
Scrolls
 c - a scroll of fog
 e - a scroll of fear
 i - 2 scrolls of summoning {unknown}
 j - 3 scrolls of teleportation {unknown}
 l - a scroll of blinking {unknown}
 n - a scroll of enchant weapon {unknown}
 p - a scroll of identify
 q - a scroll of silence {unknown}
 v - a scroll of enchant armour
Potions
 f - a potion of haste
 k - a potion of invisibility
 m - 4 potions of heal wounds
 o - a potion of magic
 r - a potion of brilliance
 w - a potion of flight


   Skills:
 - Level 2.4 Fighting
 - Level 2.4 Short Blades
 - Level 2.4 Dodging
 - Level 7.5 Stealth
 + Level 3.5 Spellcasting
 - Level 0.3 Translocations
 + Level 2.8 Ice Magic


You had 8 spell levels left.
You knew the following spells:

 Your Spells              Type           Power      Damage    Failure   Level
a - Freeze                Ice            48%        1d6       2%          1
d - Blink                 Tloc           8%         N/A       12%         2

Your spell library contained the following spells:

 Spells                   Type           Power      Damage    Failure   Level
 Frozen Ramparts          Ice            24%        1d4       9%          3
 Lesser Beckoning         Tloc           8%         N/A       12%         2
 Momentum Strike          Conj/Tloc      6%         3d8       13%         2
 Hailstorm                Conj/Ice       7%         3d4       16%         3
 Gell's Gravitas          Tloc           4%         N/A       24%         3
 Teleport Other           Tloc           4%         N/A       24%         3
 Dispersal                Tloc           2%         N/A       100%        6


Dungeon Overview and Level Annotations

Branches:
Dungeon (6/15)
 Temple: D:4-7

Altars:

Annotations:
D:2 Ijyb
D:4 1 runed translucent door, Flugslaktarn's ghost, amateur OpFi


Message History

Confirm with . or Enter, or press ? or * to list all spells.
Aiming: Freeze (safe; 2% risk of failure)
Press: ? - help, Shift-Dir - straight line, f/p - water moccasin
Aim: a water moccasin (heavily wounded, slow)
You freeze the water moccasin.
The water moccasin is severely wounded.
The water moccasin seems to slow down.
You feel sick. The water moccasin bites you.
You are lethally poisoned!
The water moccasin poisons you!
Casting: Freeze (safe; 2% risk of failure)
Confirm with . or Enter, or press ? or * to list all spells.
Aiming: Freeze (safe; 2% risk of failure)
Press: ? - help, Shift-Dir - straight line, f/p - water moccasin
Aim: a water moccasin (severely wounded, slow)
You freeze the water moccasin!
The water moccasin is almost dead.
The water moccasin seems to slow down.
* * * LOW HITPOINT WARNING * * *
You feel very sick. The water moccasin barely misses you.
Casting: Freeze (safe; 2% risk of failure)
Confirm with . or Enter, or press ? or * to list all spells.
Aiming: Freeze (safe; 2% risk of failure)
Press: ? - help, Shift-Dir - straight line, f/p - water moccasin
Aim: a water moccasin (almost dead, slow)
You freeze the water moccasin.
The water moccasin is almost dead.
The water moccasin seems to slow down.
* * * LOW HITPOINT WARNING * * *
You feel very sick.
The water moccasin bites you but does no damage.
Casting: Freeze (safe; 2% risk of failure)
Confirm with . or Enter, or press ? or * to list all spells.
Aiming: Freeze (safe; 2% risk of failure)
Press: ? - help, Shift-Dir - straight line, f/p - water moccasin
Aim: a water moccasin (almost dead, slow)
You freeze the water moccasin.
You kill the water moccasin!
You die...

##+#### #(....
# #..... ..
#.... #.##....
##......#+#
........#.#
.......@..#####
######.......<#
.......$..####
........?...#
..#####.#..#.#
. #.#..#.#
#.#... #
#.#....
#......#


There were no monsters in sight!

Vanquished Creatures
  A water moccasin (D:6)
  A phantom (D:4)
  An iguana (D:4)
  2 adders
  An ufetubus (D:5)
  A worm (D:4)
  6 orcs
  5 endoplasms
  4 giant cockroaches
  14 goblins
  11 hobgoblins
  2 quokkas (D:3)
  5 ball pythons
  6 bats
  5 frilled lizards
  3 kobolds
  8 rats
76 creatures vanquished.

Notes
Turn   | Place    | Note
-------+----------+-------------------------------------------
     0 | D:5      | rlgrobin the Deep Elf Delver began the quest for the Orb.
     0 | D:5      | Reached XP level 1. HP: 13/13 MP: 3/3
   256 | D:3      | Reached XP level 2. HP: 18/18 MP: 4/4
   366 | D:2      | Reached skill level 7 in Stealth
   369 | D:2      | Reached XP level 3. HP: 20/22 MP: 5/5
  1328 | D:2      | Noticed Ijyb
  1450 | D:3      | Learned a level 2 spell: Blink
  1466 | D:3      | Reached XP level 4. HP: 16/27 MP: 6/6
  1518 | D:3      | Learned a level 1 spell: Freeze
  1790 | D:3      | Reached skill level 1 in Spellcasting
  2226 | D:4      | Noticed Flugslaktarn's ghost (amateur OpFi)
  2226 | D:4      | Found a runed translucent door.
  2231 | D:4      | Noticed a phantom
  2254 | D:4      | Killed a phantom
  2255 | D:4      | Reached XP level 5. HP: 12/31 MP: 6/11
  2988 | D:6      | Noticed a water moccasin
  3005 | D:6      | Killed a water moccasin
  3005 | D:6      | Succumbed to a water moccasin's poison

Illustrated notes

Levels and vault maps discovered:
D:1:      giann_wishing_wells, layout_basic, nrook_mini_vaults
D:2:      kennysheep_the_goblin_king, layout_loops_cross,
          minmay_increasing_density
D:3:      layout_loops_ring, uniq_grinder
D:4:      layout_rooms, serial_curves, eino_curves_01, eino_curves_03,
          ebering_ghost_inner_flame
D:5:      nicolae_cairo_tiling_very_big, layout_loops_ring, minmay_pentangle
D:6:      layout_basic, uniq_menkaure, uniq_sigmund, uniq_edmund

Skill      XL: |  1  2  3  4  5 |
---------------+----------------+-----
Stealth        | 7 |  7.5
Spellcasting   | 2 3 |  3.5
Ice Magic      | 2 |  2.8
Fighting       | |  2.4
Short Blades   | |  2.4
Dodging        | |  2.4
Translocations | |  0.3

Action                     |  1- 3 |  4- 6 || total
---------------------------+-------+-------++-------
  Melee: Short sword       |   119 |    38 ||   157
         Punch             |     1 |     4 ||     5
         Whip              |       |    82 ||    82
  Throw: Dart              |       |     4 ||     4
   Cast: Blink             |       |     2 ||     2
         Freeze            |       |    17 ||    17
    Use: Scroll            |     1 |     7 ||     8
         Potion            |       |     1 ||     1
   Stab: Sleeping          |    19 |     3 ||    22
 Armour: Leather armour    |    31 |    37 ||    68
  Dodge: Dodged            |    49 |    66 ||   115

Table legend: (Time is in decaauts)
 A = Elapsed time spent in this place.
 B = Non-inter-level travel time spent in this place.
 C = Inter-level travel time spent in this place.
 D = Time resting spent in this place.
 E = Time spent auto-exploring this place.
 F = Levels seen in this place.
 G = Mean time per level.
                   A        B        C        D        E       F      G
               +--------+--------+--------+--------+--------+-----+--------+
         Total |   2975 |   2824 |    151 |    279 |   1688 |   6 |  495.8 |
       Dungeon |   2975 |   2824 |    151 |    279 |   1688 |   6 |  495.8 |
               +--------+--------+--------+--------+--------+-----+--------+

Top non-repeatable levels by time:
     D:3: 874 daAuts
     D:4: 860 daAuts
     D:1: 627 daAuts
     D:2: 544 daAuts
     D:5: 51 daAuts
     D:6: 16 daAuts
